AoeStats
← Muscle Boy

Black Forest

510364466Analyzed
3v3 RM · 1d ago on Sep 30, 2026· 59m 51s· 6 players
Game mode
Random Map
Map size
Normal (6 player)
Population
200
Speed
Normal
Resources
Standard
Victory
Conquest
Starting age
Dark Age
Ending age
Imperial Age
RankedLock teamsTeams togetherTeam positionsShared explorationLock speedFull tech treeHidden civsTurbo modeCheats
Victory
Defeat
🇻🇳 Khitans · Vietnam
829
+13
🇰🇷 Goths · South Korea
792
+15
🇻🇳 Chinese · Vietnam
729
+18
🇩🇪 Goths · Germany
786
-16
🇩🇪 Mongols · Germany
762
-15
🇩🇪 Khmer · Germany
754
-15
Eduard der Gewürgte
11:05 Loom
12:51 Feudal Age
17:29 Wheelbarrow
18:24 Horse Collar
18:37 Double-Bit Axe
22:43 Castle Age
20:46 Gold Mining
23:40 Heavy Plow
23:55 Bow Saw
29:06 Gold Shaft Mining
31:19 Bloodlines
31:36 Forging
33:01 Hand Cart
32:37 Town Watch
34:50 Iron Casting
34:25 Town Patrol
35:06 Husbandry
36:03 Stone Mining
37:33 Scale Barding Armor
40:02 Chain Barding Armor
43:19 Imperial Age
44:37 Masonry
44:30 Cavalier
46:16 Blast Furnace
51:46 Caravan
52:55 Onager
55:00 Siege Onager
Jan der Zaghafte
15:15 Feudal Age
16:01 Horse Collar
16:22 Double-Bit Axe
17:37 Gold Mining
24:30 Castle Age
22:40 Stone Mining
25:13 Heavy Plow
25:27 Bow Saw
25:24 Caravan
26:45 Gold Shaft Mining
30:16 Wheelbarrow
30:42 Fortified Wall
30:31 Murder Holes
34:08 Hand Cart
33:41 Loom
35:05 Ballistics
34:57 Masonry
35:00 Scale Barding Armor
37:55 Town Watch
41:41 Imperial Age
39:31 Husbandry
39:42 Bloodlines
40:00 Chain Barding Armor
40:01 Town Patrol
42:59 Plate Barding Armor
42:33 Double Crossbow
43:20 Crop Rotation
43:19 Conscription
42:40 Elite Ballista Elephant
44:42 Chemistry
45:16 Fletching
45:45 Masonry
46:02 Masonry
47:46 Bodkin Arrow
49:10 Architecture
55:04 Bracer
Björn der Versager
0:29 Loom
15:47 Feudal Age
19:04 Wheelbarrow
20:50 Castle Age
20:28 Scale Mail Armor
20:39 Forging
20:12 Horse Collar
20:23 Double-Bit Axe
20:41 Gold Mining
23:01 Bow Saw
22:55 Heavy Plow
24:56 Anarchy
25:30 Chain Mail Armor
25:52 Iron Casting
25:21 Caravan
26:18 Squires
28:11 Hand Cart
37:58 Imperial Age
38:41 Pikeman
40:48 Halberdier
42:59 Perfusion
43:20 Conscription
44:06 Blast Furnace
44:29 Elite Huskarl
47:18 Two-Man Saw
46:52 Crop Rotation
rananculus
0:31 Loom
14:34 Feudal Age
15:09 Horse Collar
15:38 Double-Bit Axe
23:15 Castle Age
21:14 Stone Mining
21:28 Gold Mining
24:23 Bow Saw
26:43 Heavy Plow
30:01 Wheelbarrow
29:12 Town Watch
32:25 Imperial Age
31:19 Forging
31:10 Scale Mail Armor
30:35 Man-at-Arms
30:36 Pikeman
31:16 Squires
31:15 Town Watch
32:49 Stone Shaft Mining
34:16 Wheelbarrow
34:04 Perfusion
34:32 Conscription
34:39 Ballistics
35:41 Chain Mail Armor
36:44 Two-Man Saw
37:25 Iron Casting
37:32 Hand Cart
37:37 Town Patrol
37:42 Halberdier
37:44 Long Swordsman
39:44 Chemistry
40:15 Blast Furnace
39:24 Two-Handed Swordsman
40:19 Caravan
40:49 Coinage
41:28 Anarchy
41:49 Onager
43:32 Champion
48:24 Heavy Scorpion
52:18 Crop Rotation
Muscle Boy
12:37 Feudal Age
14:02 Double-Bit Axe
22:51 Castle Age
22:50 Horse Collar
26:31 Wheelbarrow
31:35 Hand Cart
31:35 Bow Saw
37:13 Caravan
40:34 Imperial Age
38:26 Heavy Plow
38:34 Padded Archer Armor
38:36 Scale Mail Armor
38:47 Forging
38:29 Fletching
39:35 Gold Mining
39:36 Stone Mining
41:02 Elite Chu Ko Nu
42:05 Conscription
42:36 Leather Archer Armor
42:18 Bodkin Arrow
42:41 Chain Mail Armor
43:02 Iron Casting
43:09 Iron Casting
44:48 Two-Man Saw
46:24 Elite Fire Lancer
46:51 Arson
47:07 Squires
51:29 Chemistry
51:06 Ring Archer Armor
50:38 Bracer
51:11 Plate Mail Armor
51:42 Blast Furnace
applerutz20052001
0:43 Loom
14:17 Feudal Age
18:51 Castle Age
17:14 Double-Bit Axe
18:28 Domestication
24:29 Bow Saw
24:53 Pastoralism
26:54 Wheelbarrow
26:45 Gold Mining
33:15 Imperial Age
31:03 Hand Cart
31:13 Hand Cart
30:44 Town Watch
31:41 Scale Barding Armor
31:46 Forging
31:00 Light Cavalry
31:40 Husbandry
32:15 Stone Mining
32:31 Town Patrol
32:53 Chain Barding Armor
34:55 Plate Barding Armor
34:55 Iron Casting
34:38 Caravan
36:22 Transhumance
36:55 Two-Man Saw
36:05 Elite Liao Dao
37:20 Gambesons
37:36 Squires
37:22 Arson
37:40 Scale Mail Armor
38:20 Pikeman
38:56 Hussar
40:14 Elite Fire Lancer
42:32 Chain Mail Armor
42:28 Lamellar Armor
42:29 Ordo Cavalry
41:52 Heavy Rocket Cart
46:19 Plate Mail Armor
49:13 Stone Shaft Mining
56:29 Thumb Ring
55:45 Elite Skirmisher
56:52 Parthian Tactics
57:15 Man-at-Arms
58:44 Long Swordsman
59:23 Fletching
59:33 Padded Archer Armor
59:37 Two-Handed Swordsman
Connection lost

Rejoining the realm…

Still unreachable

The connection could not be restored.

Session expired

The server has moved on; the page needs a fresh start.